 Dungeon Crawl Stone Soup version 0.31-a0-841-g038b102fc3 (webtiles) character file.

Game seed: 3147033431887367151

1563 Kurtz the Cleaver (level 8, -3/52 HPs)
             Began as an Octopode Fighter on Sept 27, 2023.
             Was a Follower of Makhleb.
             Splashed by a jelly's acid (9 damage)
             ... on level 5 of the Dungeon.
             The game lasted 00:05:11 (5131 turns).

Kurtz the Cleaver (Octopode Fighter)                Turns: 5131, Time: 00:05:12

Health: -3/52      AC: -7    Str: 15    XL:     8   Next: 89%
Magic:  10/10      EV: 13    Int: 10    God:    Makhleb [*.....]
Gold:   269        SH:  5    Dex: 14    Spells: 7/7 levels left

rFire   . . .        p - +0 hand axe (vamp)
rCold   + . .        b - +0 buckler
rNeg    . . .        (helmet restricted)
rPois   .            m - amulet of regeneration
rElec   .            k - ring of flight
rCorr   .            q - ring of protection from cold
SInv    .            (no ring)
Will    .....        (no ring)
Stlth   +++          (no ring)
HPRegen 1.08/turn    (no ring)
MPRegen 0.12/turn    (no ring)
                     (no ring)

%: no passive effects
@: corroded, flying
A: almost no armour, amphibious, 8 rings, camouflage 1, gelatinous body 1,
nimble swimmer 1, tentacles
a: Renounce Religion


You were on level 5 of the Dungeon.
You worshipped Makhleb.
Makhleb was aware of your devotion.
You visited 2 branches of the dungeon, and saw 7 of its levels.

You collected 269 gold pieces.

Inventory:

Hand Weapons
 a - a +0 war axe
 p - a +0 vampiric hand axe (weapon)
Missiles
 o - a throwing net (quivered)
 s - 2 poisoned darts
Armour
 b - a +0 buckler (worn)
Jewellery
 k - a ring of flight (left tentacle)
 m - an amulet of regeneration (around mantle)
 q - a ring of protection from cold (right tentacle)
Wands
 r - a wand of flame (4)
Scrolls
 e - 9 scrolls of identify {unknown}
 g - 2 scrolls of fog {unknown}
 h - 5 scrolls of teleportation {unknown}
 i - 2 scrolls of enchant armour {unknown}
 v - a scroll of acquirement {unknown}
 w - 2 scrolls of enchant weapon {unknown}
 x - 3 scrolls of revelation {unknown}
 y - a scroll of fear {unknown}
 z - 3 scrolls of vulnerability {unknown}
Potions
 c - 2 potions of might
 d - a potion of curing
 f - 2 potions of brilliance
 j - a potion of degeneration {unknown}
 l - a potion of magic {unknown}
 n - 2 potions of mutation {unknown}
 t - 2 potions of attraction {unknown}
 u - a potion of enlightenment {unknown}


   Skills:
 - Level 3.0 Fighting
 * Level 10.0 Axes
 - Level 3.0 Dodging
 * Level 4.6 Shields
 * Level 3.0 Invocations


You had 7 spell levels left.
You didn't know any spells.
Your spell library contained the following spells:

 Spells                   Type           Power      Damage    Failure   Level
 Apportation              Tloc           0%         N/A       43%         1
 Freeze                   Ice            0%         1d3       43%         1
 Jinxbite                 Hex            0%         N/A       58%         2
 Frozen Ramparts          Ice            0%         1d1       82%         3
 Hailstorm                Conj/Ice       0%         3d3       82%         3
 Ignite Poison            Fire/Tmut/Pois 0%         N/A       82%         3
 Sticky Flame             Conj/Fire      0%         2d3       99%         4
 Alistair's Intoxication  Tmut/Pois      0%         N/A       100%        5
 Ignition                 Fire           0%         3d3       100%        8


Dungeon Overview and Level Annotations

Branches:
Dungeon (6/15)             Temple (1/1) D:4

Altars:
Ashenzari
Cheibriados
Dithmenos
Elyvilon
Fedhas
Hepliaklqana
Kikubaaqudgha
Makhleb
Nemelex Xobeh
Okawaru
Qazlal
Sif Muna
Trog
Vehumet
Xom
Lugonu

Shops:
D:3 [

Annotations:
D:3 3 runed translucent doors, Cancer's ghost, amateur GrEE
D:4 2 runed translucent doors, exclusion: 2 downstairs, PowderKeg's ghost, amateur OpSh
D:5 3 runed translucent doors, Kurtz's ghost, amateur OpFi; Kurtz's ghost, novice OpFi


Innate Abilities, Weirdness & Mutations

You cannot wear most types of armour.
You are amphibious.
You can wear up to eight rings at the same time.
Your skin changes colour to match your surroundings (Stealth+).
Your rubbery body absorbs attacks. (AC +1, EV +1)
You are camouflaged when in or above water. (Stealth+)
You have tentacles for arms and can constrict up to eight enemies at once.


Message History

Level annotation: 3 runed translucent doors, Kurtz's ghost, amateur OpFi; Kurtz's ghost, novice OpFi
There is a stone staircase leading down here.
You slash the jelly! The acid corrodes you!
Your tentacles burn!
The jelly is heavily wounded.
The jelly hits you.
You are splashed with acid!
You hit the jelly but do no damage.
Your tentacles burn!
The jelly is heavily wounded.
The jelly closely misses you.
You hit the jelly.
Your tentacles burn!
Your squeeze misses the jelly.
The jelly is heavily wounded.
The jelly misses you. The jelly attacks as it pursues you!
The jelly misses you. The jelly attacks as it pursues you!
The jelly misses you.
You hit the jelly but do no damage.
Your tentacles burn!
The jelly is moderately wounded.
You hit the plant.
The plant begins to die.
The jelly hits you.
You are splashed with acid!
You hit the jelly.
Your tentacles burn!
The jelly is heavily wounded.
You hit the plant but do no damage.
Unknown command.
You hit the jelly but do no damage.
Your tentacles burn!
* * * LOW HITPOINT WARNING * * *
You squeeze the jelly.
The jelly is heavily wounded.
You hit the plant but do no damage. The jelly closely misses you.
Unknown command.
You hit the jelly but do no damage.
Your tentacles burn!
* * * LOW HITPOINT WARNING * * *
The jelly is heavily wounded.
You hit the plant. The jelly completely misses you.
Unknown command.
You hit the jelly but do no damage.
Your tentacles burn!
* * * LOW HITPOINT WARNING * * *
You squeeze the jelly, but do no damage.
The jelly is heavily wounded.
You hit the plant but do no damage. The jelly hits you.
* * * LOW HITPOINT WARNING * * *
The acid corrodes you!
You are splashed with acid!
You die...

#.#♣♣♣~~~~.~≈~~~~♣# #.......###
#.# ♣P~~~~.~~~♣♣♣♣ ##.....#.##
..♣♣♣~~~~~.~~~♣♣P#####.........##
#♣♣~P≈~≈≈~.≈~♣♣~................#
.♣♣~~≈≈≈≈~.~~♣♣~####........[...#
.♣~~P≈~≈≈~.~~♣♣♣♣ #..#.>...#.#.#
.#♣~~~~≈)≈.~~~♣♣♣♣##.~P~♣♣....#.#
.##~~~~~~≈.~PP~~~~P♣~P~~P~♣..##..
.##.♣~~~P~.~P~~P@J~~~P~P~~~♣.....
.##.#~~~~~.~P~~~~~P~~P~~~~~P♣...≈
.##...♣~~.......................≈
.#.....♣♣..~~~~~~≈P~~~P~~~~~~...≈
.#.....##.[.~♣~~~~♣♣♣♣~~~~P~~##..
.......##...#♣♣♣♣~~♣♣♣~~~~P~.##..
..........#.##~~~#....♣~♣♣P......
#.......#.#.###.##.#######.#####.
..#####.#...###.##....#....# ##


You could see a jelly.

Vanquished Creatures
  A yak (D:6)
  A water moccasin (D:5)
  An ice beast (D:6)
  3 black bears (D:5)
  A centaur (D:6)
  A phantom (D:5)
  A bullfrog (D:4)
  A scorpion (D:5)
  A howler monkey (D:5)
  4 jellies
  4 hounds
  2 orc priests
  An iguana (D:5)
  Ijyb (D:5)
  Natasha (thrice) (D:2)
  7 adders
  3 gnolls (D:4)
  A shadow imp (D:4)
  2 white imps (D:6)
  An ufetubus (D:3)
  6 dart slugs
  13 orcs
  9 bats
  9 endoplasms
  2 giant cockroaches
  5 hobgoblins
  4 kobolds
  3 quokkas
  7 ball pythons
  2 frilled lizards (D:2)
  4 goblins
  3 rats (D:1)
107 creatures vanquished.

Notes
Turn   | Place    | Note
-------+----------+-------------------------------------------
     0 | D:1      | Kurtz the Octopode Fighter began the quest for the Orb.
     0 | D:1      | Reached XP level 1. HP: 16/16 MP: 1/1
    59 | D:1      | Reached XP level 2. HP: 19/21 MP: 2/2
    73 | D:1      | Found a faded altar of an unknown god.
   159 | D:1      | Reached skill level 3 in Axes
   322 | D:1      | Reached XP level 3. HP: 26/26 MP: 3/3
   696 | D:2      | Reached skill level 4 in Axes
   777 | D:2      | Noticed Natasha
   781 | D:2      | Killed Natasha
   782 | D:2      | Reached XP level 4. HP: 31/31 MP: 4/4
   972 | D:2      | Noticed Natasha
   980 | D:2      | Killed Natasha
   981 | D:2      | Reached skill level 5 in Axes
   981 | D:2      | Reached XP level 5. HP: 18/36 MP: 5/5
  1307 | D:2      | Noticed Natasha
  1309 | D:2      | Killed Natasha
  1680 | D:4      | Found a large runed translucent door.
  1680 | D:4      | Found a large runed translucent door.
  1681 | D:4      | Noticed PowderKeg's ghost (amateur OpSh)
  1710 | D:4      | Reached XP level 6. HP: 39/42 MP: 6/6
  1778 | D:3      | Reached skill level 6 in Axes
  2016 | D:3      | Found a runed translucent gate.
  2016 | D:3      | Found a runed translucent gate.
  2017 | D:3      | Found a runed translucent gate.
  2025 | D:3      | Noticed Cancer's ghost (amateur GrEE)
  2032 | D:3      | Found Qedimp's Armour Shoppe.
  2328 | D:3      | Found a shimmering blue altar of Sif Muna.
  2490 | D:4      | Found a staircase to the Ecumenical Temple.
  2525 | Temple   | Entered the Ecumenical Temple
  2545 | Temple   | Became a worshipper of Makhleb the Destroyer
  3219 | D:5      | Entered Level 5 of the Dungeon
  3219 | D:5      | Noticed a black bear
  3219 | D:5      | Found a runed translucent gate.
  3219 | D:5      | Found a runed translucent gate.
  3219 | D:5      | Found a runed translucent gate.
  3249 | D:5      | Noticed a black bear
  3337 | D:5      | Noticed a water moccasin
  3348 | D:5      | Killed a water moccasin
  3349 | D:5      | Reached skill level 7 in Axes
  3349 | D:5      | Reached skill level 1 in Invocations
  3349 | D:5      | Reached XP level 7. HP: 9/46 MP: 7/7
  3499 | D:5      | Found a stormy altar of Qazlal.
  3518 | D:5      | Noticed Ijyb
  3525 | D:5      | Killed Ijyb
  3582 | D:5      | Reached skill level 8 in Axes
  3593 | D:5      | Reached * piety under Makhleb
  3677 | D:5      | Reached XP level 8. HP: 52/52 MP: 9/9
  3747 | D:5      | Identified the +1 pair of gloves of Plasticity {Harm
                  | Stlth+}
  3866 | D:5      | Reached skill level 9 in Axes
  3880 | D:5      | Noticed Kurtz's ghost (novice OpFi)
  3880 | D:5      | Noticed Kurtz's ghost (amateur OpFi)
  4560 | D:6      | Found a shadowy altar of Dithmenos.
  4565 | D:6      | Found an ancient bone altar of Kikubaaqudgha.
  4567 | D:6      | Found a broken altar of Ashenzari.
  4572 | D:6      | Found an iron altar of Okawaru.
  5062 | D:6      | Noticed a yak
  5074 | D:6      | Killed a yak
  5075 | D:6      | Reached skill level 10 in Axes
  5131 | D:5      | Splashed by a jelly's acid

Illustrated notes

Levels and vault maps discovered:
D:1:      dpeg_arrival_lava_altar, layout_basic,
          shapermc_ecumenical_altar_starsandcircs
D:2:      layout_loops_ring, uniq_natasha
D:3:      layout_basic, mainiacjoe_overflow_paths, gammafunk_ghost_split,
          serial_shops, shop, minmay_cupped
D:4:      layout_cave_pods, temple_fountains, ebering_ghost_disaster_area
D:5:      layout_loops_ring, mainiacjoe_overflow_catwalk, serial_bayou,
          serial_bayou_pond_d, serial_bayou_pond_a, serial_bayou_lagoon_b,
          serial_bayou_pond_d, gammafunk_ghost_cemetery, uniq_ijyb
D:6:      minmay_opposing_rooms, layout_basic,
          nicolae_overflow_macrodata_refinement
Temple:   corrupted_temple

Skill      XL: |  1  2  3  4  5  6  7  8 |
---------------+-------------------------+-----
Axes           | 3 4 5 7 8 10 | 10.0
Invocations    | 1 3 |  3.0
Shields        | 4 |  4.6
Fighting       | |  3.0
Dodging        | |  3.0

Action                     |  1- 3 |  4- 6 |  7- 9 || total
---------------------------+-------+-------+-------++-------
  Melee: War axe           |    58 |    72 |       ||   130
         Constrict         |    11 |    22 |    20 ||    53
         Tentacles         |     8 |    31 |    45 ||    84
         Hand axe          |       |    25 |   120 ||   145
         Punch             |       |     1 |     2 ||     3
  Throw: Throwing net      |       |       |     1 ||     1
  Evoke: Wand              |       |       |    12 ||    12
    Use: Potion            |       |     2 |       ||     2
   Stab: Distracted        |     1 |     1 |       ||     2
         Sleeping          |     5 |     4 |     3 ||    12
         Held in net/web   |       |       |     1 ||     1
 Armour: Skin              |    27 |    35 |    65 ||   127
  Dodge: Dodged            |    42 |    55 |    66 ||   163
  Block: Buckler           |    10 |    22 |    12 ||    44

Table legend: (Time is in decaauts)
 A = Elapsed time spent in this place.
 B = Non-inter-level travel time spent in this place.
 C = Inter-level travel time spent in this place.
 D = Time resting spent in this place.
 E = Time spent auto-exploring this place.
 F = Levels seen in this place.
 G = Mean time per level.
                   A        B        C        D        E       F      G
               +--------+--------+--------+--------+--------+-----+--------+
         Total |   5173 |   4647 |    526 |    318 |   3411 |   7 |  739.0 |
       Dungeon |   5139 |   4625 |    514 |    318 |   3411 |   6 |  856.5 |
        Temple |     33 |     21 |     12 |      0 |      0 |   1 |   33.0 |
               +--------+--------+--------+--------+--------+-----+--------+

Top non-repeatable levels by time:
     D:4: 1305 daAuts
     D:5: 967 daAuts
     D:2: 858 daAuts
     D:3: 762 daAuts
     D:6: 656 daAuts
     D:1: 588 daAuts
  Temple: 33 daAuts
